 Dungeon Crawl Stone Soup version 0.23.0 (webtiles) character file.

Game seed: 11187877447602393515

31 Inchmeat the Cudgeler (level 3, -3/21 HPs)
             Began as a Gargoyle Gladiator on Feb 18, 2019.
             Killed from afar by a white imp (7 damage)
             ... with a puff of frost
             ... summoned by Natasha
             ... on level 1 of the Dungeon.
             The game lasted 00:01:17 (1258 turns).

Inchmeat the Cudgeler (Gargoyle Gladiator)          Turns: 1258, Time: 00:01:18

Health: -3/21      AC:  7    Str: 18    XL:     3   Next: 22%
Magic:  3/3        EV: 12    Int:  8    God:
Gold:   27         SH:  0    Dex: 11    Spells: 2/2 levels left

rFire    . . .     SeeInvis .   a - +0 flail
rCold    . . .     Gourm    .   (no shield)
rNeg     + . .     Faith    .   b - +0 leather armour
rPois    ∞         Spirit   .   c - +0 helmet
rElec    +         Reflect  .   (no cloak)
rCorr    .         Harm     .   (no gloves)
MR       .....                  (no boots)
Stlth    +.........             (no amulet)
HPRegen  0.07/turn              (no ring)
MPRegen  0.08/turn              (no ring)

@: no status effects
A: negative energy resistance 1, electricity resistance, unbreathing,
petrification resistance, rot immunity, AC +3
a: no special abilities


You were on level 1 of the Dungeon.
You were not hungry.

You visited 1 branch of the dungeon, and saw 2 of its levels.

You collected 27 gold pieces.

Inventory:

Hand Weapons
 a - a +0 flail (weapon)
Missiles
 d - a throwing net (quivered)
Armour
 b - a +0 leather armour (worn)
 c - a +0 helmet (worn)
Jewellery
 e - an uncursed amulet of faith {unknown}
 l - a +2 ring of intelligence {unknown}
Scrolls
 g - a scroll of identify {unknown}
 h - a scroll of remove curse {unknown}
 i - a scroll of blinking {unknown}
 m - a scroll of fear {unknown}
Potions
 j - a potion of degeneration {unknown}
 k - a potion of curing {unknown}
Comestibles
 f - 3 rations


   Skills:
 - Level 2.1 Fighting
 + Level 4.2 Maces & Flails
 - Level 1.7 Throwing
 - Level 2.4 Dodging


You had 2 spell levels left.
You didn't know any spells.
Your spell library was empty.

Dungeon Overview and Level Annotations

Branches:
Dungeon (2/15)

Altars:

Annotations:
D:1 Natasha


Innate Abilities, Weirdness & Mutations

You are resistant to torment.
Your stone body is resilient. (AC +3)
You are immune to poison.
You resist negative energy. (rN+)
You are resistant to electric shocks. (rElec)
You can survive without breathing.
You are immune to petrification.
You are immune to rotting.


Message History

Ye see 'ere a frilled lizard corpse.
Thin's tha be 'ere: a +0 short sword o' electrocution; a +0 leathar armour; a +0 falchion Throwin' (i - inventory)
d - 3 throwin' nets (quiv'red)
Press: ? - help, Shift-Dir - straight line, f - Natasha
Aim: Natasha (lightly wounded) Ye throw a throwin' net.
Tha throwin' net hits Natasha.
Natasha be caught in tha net!
Natasha be lightly wounded.
Natasha struggles against tha net. x2
Drop what? 13/52 slots (_ fer help) (? fer menu, 'sc ta quit) Okay, than.
Unknown command.
Throwin' (i - inventory)
d - 2 throwin' nets (quiv'red)
Press: ? - help, Shift-Dir - straight line, f/p - Natasha
Aim: Natasha (entangled in a net) Ye throw a throwin' net.
Tha throwin' net hits Natasha.
Tha white imp gestures at ye.
Tha puff o' frost hits ye!
Ye die...

# ##.##....###.# # ##
#.#...P..##.# # .#
#.#..♣♣..##.#### # .#
##+..P...###....# # .####
##....PP..# #....# # ....#
##.........# ##...# #
....###..........###.#.## #
######.........5###....##########
.....#........>h@...............÷
.....#.........###.#...########..
###..##.......###.###..# #.#
..#..###.....## ##.#.### #.#
#.#..# ##...## ##.## #.# #.#..#
##'########.# #.# #.#..#
#.......##.# #.# ..#..#
#.#####.##.# #.# ###..#
##.#####.##.# #.#


You could see Natasha (caught) and a white imp.

Vanquished Creatures
  An ooze (D:1)
  2 dart slugs (D:1)
  An orc (D:1)
  A bat (D:1)
  8 goblins (D:1)
  A hobgoblin (D:1)
  2 kobolds (D:1)
  3 frilled lizards (D:1)
  2 rats (D:1)
21 creatures vanquished.

Notes
Turn   | Place    | Note
-------+----------+-------------------------------------------
     0 | D:1      | Inchmeat the Gargoyle Gladiator began the quest for the
                  | Orb.
     0 | D:1      | Reached XP level 1. HP: 12/12 MP: 1/1
    84 | D:1      | Reached XP level 2. HP: 7/17 MP: 2/2
   840 | D:1      | Reached skill level 4 in Maces & Flails
   870 | D:1      | Reached XP level 3. HP: 21/21 MP: 3/3
  1074 | D:2      | Noticed Natasha
  1258 | D:1      | Killed from afar by a white imp

Skill      XL: |  1  2 |
---------------+-------+-----
Maces & Flails | 4 |  4.2
Fighting       | |  2.1
Throwing       | |  1.7
Dodging        | |  2.4

Action                   || total
-------------------------++-------
Melee: Flail             ||    67
Throw: Throwing net      ||     2
  Eat: Ration            ||     1
Armor: Leather armour    ||    36
Dodge: Dodged            ||    56
